 Dungeon Crawl Stone Soup version 0.25-a0-294-gea9b1ad (webtiles) character file.

Game seed: 52281233735390676, levelgen mode: deterministic

9 MrTaco21 the Skirmisher (level 2, 0/19 HPs)
             Began as a Gargoyle Fighter on Dec 16, 2019.
             Slain by an ooze (1 damage)
             ... on level 1 of the Dungeon.
             The game lasted 00:00:33 (156 turns).

MrTaco21 the Skirmisher (Gargoyle Fighter)           Turns: 156, Time: 00:00:34

Health: 0/19       AC:  9    Str: 19    XL:     2   Next: 12%
Magic:  2/2        EV:  4    Int:  8    God:
Gold:   13         SH:  9    Dex:  9    Spells: 1/1 levels left

rFire    . . .     SeeInvis .   a - +0 flail
rCold    . . .     Gourm    .   c - +0 shield
rNeg     + . .     Faith    .   b - +0 scale mail
rPois    ∞         Spirit   .   (no helmet)
rElec    +         Reflect  .   (no cloak)
rCorr    .         Harm     .   (no gloves)
MR       .....                  (no boots)
Stlth    ..........             (no amulet)
HPRegen  0.06/turn              (no ring)
MPRegen  0.08/turn              (no ring)

@: constricted
A: negative energy resistance 1, electricity resistance, unbreathing,
petrification resistance, rot immunity, AC +2
a: no special abilities


You were on level 1 of the Dungeon.
You were not hungry.

You visited 1 branch of the dungeon, and saw 1 of its levels.

You collected 13 gold pieces.

Inventory:

Hand Weapons
 a - a +0 flail (weapon)
Armour
 b - a +0 scale mail (worn)
 c - a +0 shield (worn)
Potions
 d - a potion of might
 g - a potion of agility {unknown}
Comestibles
 e - 3 rations {!d}
 f - 6 chunks of flesh


   Skills:
 + Level 3.6 Fighting
 + Level 2.4 Maces & Flails
 - Level 3.2 Armour
 - Level 3.2 Shields


You had one spell level left.
You didn't know any spells.
Your spell library was empty.

Dungeon Overview and Level Annotations

Branches:
Dungeon (1/15)

Altars:


Innate Abilities, Weirdness & Mutations

You are resistant to torment.
Your stone body is resilient. (AC +2)
You are immune to poison.
You resist negative energy. (rN+)
You are resistant to electric shocks. (rElec)
You can survive without breathing.
You are immune to petrification.
You are immune to rotting.


Message History

You are too injured to fight recklessly!
You miss the jackal. You block the jackal's attack.
The jackal closely misses you. The jackal bites you.
* * * LOW HITPOINT WARNING * * *
The jackal bites you but does no damage.
You block the ooze's attack.
The hobgoblin hits you but does no damage.
The jackal barely misses you.
The jackal bites you but does no damage. x3
The ooze completely misses you. The hobgoblin closely misses you.
You hit the jackal.
You kill the jackal!
You have reached level 2!
You block the jackal's attack. The jackal bites you.
* * * LOW HITPOINT WARNING * * *
The jackal barely misses you. The jackal closely misses you.
You block the jackal's attack. The ooze hits you.
* * * LOW HITPOINT WARNING * * *
The jackal bites you but does no damage.
The hobgoblin hits you but does no damage.
The ball python bites you but does no damage.
The ball python grabs you. The ball python constricts you.
You closely miss the jackal.
The jackal bites you but does no damage.
The jackal bites you.
* * * LOW HITPOINT WARNING * * *
The jackal bites you but does no damage.
You block the ball python's attack. The ball python constricts you.
You block the ooze's attack.
The hobgoblin hits you but does no damage.
The jackal bites you but does no damage. x2
The jackal barely misses you.
The ball python bites you but does no damage.
* * * LOW HITPOINT WARNING * * *
The ball python constricts you. The ooze hits you.
* * * LOW HITPOINT WARNING * * *
You sock the jackal!
You kill the jackal!
The jackal bites you but does no damage. x2
The ball python bites you but does no damage.
The ball python constricts you.
The jackal bites you but does no damage.
The ooze jiggles.
You block the ooze's attack. The jackal completely misses you.
The hobgoblin closely misses you.
Your scale mail prevents you from hitting the hobgoblin.
The jackal bites you but does no damage.
The ball python barely misses you. The ball python constricts you.
The jackal barely misses you. You block the goblin's attack. The ooze hits you.
You die...

#. ##..(.).##...#
#####).##..[#
###.......# ####
###.........#
....###...#####...#
.#####.....#######......
.......K..............##
>.....Sh#......####...#
.....gh@....#### #.....
....?.ggJ...# ......
.........$..# ###...
...#######.## ... ..
#..# . ##..# #.# ..


You could see an ooze, 2 jackals, a hobgoblin, 2 goblins, a ball python and a
kobold.

Vanquished Creatures
  2 giant cockroaches (D:1)
  A goblin (D:1)
  2 jackals (D:1)
  A bat (D:1)
  A kobold (D:1)
  A rat (D:1)
8 creatures vanquished.

Notes
Turn   | Place    | Note
-------+----------+-------------------------------------------
     0 | D:1      | MrTaco21 the Gargoyle Fighter began the quest for the Orb.
     0 | D:1      | Reached XP level 1. HP: 14/14 MP: 1/1
   153 | D:1      | Reached XP level 2. HP: 8/19 MP: 2/2
   156 | D:1      | Slain by an ooze

Levels and vault maps discovered:
D:1:      kennysheep_arrival_seaside, layout_rooms

Action                   || total
-------------------------++-------
Melee: Flail             ||    36
Armor: Scale mail        ||    70
Dodge: Dodged            ||    38
Block: Shield            ||    40

Table legend:
 A = Non-vault XP
 B = Vault XP
 C = Vault XP percentage of total XP
 D = Non-vault monster count
 E = Vault monster count
 F = Vault count percentage of total count
                 A         B        C        D         E       F
            +---------+---------+-------+---------+---------+-------
      Total |      13 |       0 |   0.0 |       8 |       0 |   0.0
            +---------+---------+-------+---------+---------+-------
        D:1 |      13 |       0 |   0.0 |       8 |       0 |   0.0
            +---------+---------+-------+---------+---------+-------
